Map: Ephemeron LE

Players

Neeb - Winner!

  • Race: Protoss Protoss
  • Spawn Location: 5:00

Rogue

  • Race: Zerg Zerg
  • Spawn Location: 11:00

Event: 2019 WCS Global FInals

VOD

https://www.youtube.com/watch?v=KvtCI-Sne0k&t=47m53s

Description

Time

  • Played on: Oct. 27, 2019, 12:47 a.m.
  • Length: 11:27

All games in this series

Show
View Real Time Build Order
Export as new Build Order

Neeb Protoss - Winner!

Build Orders: 1 Gate Expand, Mass Adepts 

Get SALT Encoding   

  12  0:00  Probe  
  13  0:12  Probe  
  14  0:19  Pylon  
  14  0:24  Probe  
  15  0:37  Probe (Chrono Boost)  
  15  0:41  Gateway  
  16  0:47  Probe (Chrono Boost)  
  16  0:49  Assimilator  
  17  0:52  Probe (Chrono Boost)  
  18  1:03  Probe  
  19  1:15  Probe  
  20  1:26  Nexus  
  20  1:35  Cybernetics Core  
  20  1:39  Probe  
  21  1:46  Assimilator  
  21  1:51  Probe  
  22  1:54  Pylon  
  22  2:03  Probe (Chrono Boost)  
  23  2:09  Adept (Chrono Boost)  
  23  2:13  Warp Gate  
  23  2:14  Probe (Chrono Boost)  
  26  2:18  Probe (Chrono Boost)  
  27  2:24  Twilight Council  
  28  2:31  Probe (Chrono Boost)  
  28  2:32  Adept  
  30  2:38  Probe (Chrono Boost)  
  32  2:47  Probe x2 (Chrono Boost)  
  33  2:52  Probe (Chrono Boost)  
  33  2:54  Probe  
  35  3:00  Gateway  
  35  3:03  Gateway  
  35  3:05  Resonating Glaives (Chrono Boost), Probe  
  36  3:07  Probe  
  37  3:15  Adept  
  37  3:18  Probe  
  40  3:20  Probe  
  40  3:26  Pylon  
  41  3:30  Probe  
  41  3:32  Probe  
  43  3:34  Pylon  
  43  3:42  Probe  
  43  3:44  Probe  
  45  3:54  Probe  
  46  3:56  Probe  
  46  3:58  Assimilator  
  46  3:59  Assimilator  
  46  4:01  Adept x3  
  53  4:05  Pylon  
  53  4:06  Probe  
  53  4:08  Probe  
  55  4:14  Stargate x2  
  55  4:19  Pylon  
  55  4:23  Adept x2  
  60  4:24  Adept  
  60  4:26  Probe  
  60  4:29  Probe  
  63  4:41  Probe  
  63  4:44  Adept x2  
  63  4:45  Adept  
  64  4:56  Nexus  
  56  5:05  Adept x3  
  56  5:06  Oracle (Chrono Boost)  
  62  5:10  Oracle (Chrono Boost)  
  64  5:20  Pylon  
  64  5:26  Adept x3  
  70  5:28  Probe  
  70  5:29  Probe  
  72  5:37  Oracle  
  72  5:41  Probe x2  
  77  5:43  Oracle  
  80  5:51  Pylon  
  80  5:53  Probe x2  
  82  5:57  Robotics Facility  
  82  6:02  Adept x2  
  84  6:05  Probe x2  
  82  6:15  Oracle, Probe  
  82  6:17  Probe  
  81  6:19  Adept  
  81  6:21  Probe  
  81  6:23  Stalker  
  81  6:24  Stalker  
  84  6:27  Probe  
  84  6:29  Probe  
  86  6:32  Shield Battery  
  86  6:33  Probe  
  86  6:34  Shield Battery  
  86  6:39  Probe, Sentry  
  90  6:41  Probe  
  90  6:45  Probe  
  90  6:46  Pylon  
  92  6:47  Sentry x2  
  92  6:54  Immortal  
  98  6:57  Probe  
  98  6:58  Probe  
  98  7:00  Probe  
  101  7:05  Adept  
  101  7:08  Shield Battery  
  103  7:10  Shield Battery x2  
  103  7:14  Shield Battery  
  103  7:17  Sentry  
  103  7:18  Stalker, Probe x2  
  103  7:19  Probe  
  110  7:23  Assimilator x2  
  110  7:28  Gateway, Sentry  
  112  7:31  Gateway  
  112  7:33  Immortal (Chrono Boost)  
  116  7:41  Sentry  
  116  7:43  Shield Battery  
  116  7:45  Shield Battery  
  116  7:46  Adept  
  116  7:48  Shield Battery  
  115  7:56  Zealot  
  115  8:04  Pylon  
  115  8:05  Pylon  
  115  8:06  Pylon  
  115  8:08  Pylon  
  115  8:12  Pylon  
  111  8:16  Immortal (Chrono Boost)  
  111  8:19  Sentry  
  109  8:22  Forge  
  109  8:29  Adept x4  
  112  8:48  Gateway, Protoss Ground Weapons Level 1 (Chrono Boost)  
  110  8:51  Gateway, Zealot x2  
  110  8:53  Gateway  
  110  8:54  Pylon x2  
  118  9:01  Templar Archives  
  114  9:12  Observer (Chrono Boost)  
  114  9:16  Zealot x4  
  114  9:17  Zealot  
  125  9:19  Charge (Chrono Boost)  
  125  9:32  Pylon  
  125  9:33  Pylon  
  125  9:44  Warp Prism  
  125  9:52  High Templar x4  
  135  9:53  Zealot x3  
  135  9:59  Archon  
  141  10:00  Archon  
  141  10:02  Pylon  
  141  10:08  Pylon  
  141  10:10  Pylon  
  141  10:14  Nexus  
  141  10:16  Pylon  
  141  10:24  Zealot x3  
  147  10:40  Zealot x5  
  157  10:54  Zealot, High Templar x2  
  155  10:58  Archon  
  155  11:02  Zealot, High Templar x2  
  161  11:06  Archon  
  149  11:22  Zealot x3  
  149  11:23  Zealot  
Show
View Real Time Build Order
Export as new Build Order

Rogue Zerg 

Build Orders: Hatch First 

Get SALT Encoding   

  12  0:00  Drone  
  13  0:12  Overlord  
  13  0:16  Drone  
  14  0:30  Drone  
  14  0:31  Drone  
  16  0:45  Drone x2  
  18  0:55  Hatchery  
  17  0:58  Drone  
  17  1:00  Extractor  
  17  1:15  Spawning Pool  
  17  1:17  Drone  
  17  1:20  Drone  
  18  1:28  Drone  
  19  1:39  Overlord  
  19  1:49  Drone  
  20  2:02  Queen  
  20  2:03  Zergling x2  
  20  2:08  Queen  
  25  2:11  Zergling x2  
  25  2:13  Drone  
  27  2:18  Drone  
  27  2:21  Drone  
  29  2:28  Drone  
  30  2:34  Hatchery  
  29  2:38  Pneumatized Carapace  
  29  2:42  Drone x2  
  31  2:49  Queen  
  33  2:54  Overlord  
  33  2:58  Drone  
  34  3:01  Drone x2  
  36  3:13  Drone x5  
  36  3:16  Metabolic Boost  
  41  3:20  Overlord  
  41  3:24  Drone  
  42  3:33  Evolution Chamber  
  41  3:38  Queen  
  41  3:39  Overlord  
  41  3:40  Zergling x2  
  44  3:42  Zergling x2  
  44  3:43  Zergling x2  
  44  3:46  Zergling x2  
  47  3:50  Zergling x2  
  47  3:51  Zergling x2  
  47  3:54  Zergling x4  
  51  4:02  Zergling x2  
  52  4:04  Zerg Melee Weapons Level 1  
  52  4:06  Zergling x8  
  52  4:07  Zergling x2  
  52  4:09  Zergling x2  
  58  4:14  Overlord  
  58  4:20  Zergling x2  
  58  4:21  Zergling x6  
  58  4:24  Overlord  
  62  4:28  Drone  
  63  4:41  Drone  
  63  4:42  Zergling x16  
  63  4:46  Lair  
  63  4:51  Drone x2  
  62  4:57  Drone, Extractor  
  62  4:58  Drone x2  
  62  4:59  Drone  
  61  5:00  Drone  
  61  5:06  Baneling Nest  
  59  5:10  Drone  
  59  5:11  Drone x3  
  61  5:19  Queen  
  62  5:24  Queen  
  62  5:28  Zergling x8  
  68  5:31  Zergling x4  
  68  5:33  Zergling x4  
  72  5:36  Zergling x4  
  72  5:39  Zergling x2  
  72  5:41  Zergling x4  
  77  5:43  Overlord  
  77  5:46  Zergling x2  
  77  5:47  Zergling x2  
  79  5:51  Baneling x3  
  79  5:52  Baneling  
  79  5:55  Zergling x8  
  82  6:02  Zergling x10  
  83  6:09  Nydus Network  
  74  6:16  Zergling x12  
  77  6:25  Queen  
  76  6:34  Queen  
  76  6:37  Zergling x8  
  82  6:41  Overlord  
  82  6:42  Overlord  
  82  6:46  Nydus Canal  
  81  6:52  Zergling x2  
  70  7:08  Zergling x2  
  70  7:09  Zergling x4  
  62  7:21  Queen x3  
  67  7:23  Nydus Canal  
  67  7:31  Baneling x2  
  67  7:34  Zergling x2  
  67  7:39  Zergling x2  
  67  7:40  Zergling x14  
  68  7:45  Zergling x2  
  68  7:48  Zergling x4  
  68  7:51  Nydus Canal  
  68  7:58  Zergling x4  
  70  8:10  Nydus Canal  
  67  8:13  Zergling x8  
  69  8:24  Zergling x8  
  72  8:28  Nydus Canal  
  65  8:38  Drone x3  
  65  8:39  Drone  
  67  8:45  Drone x2  
  68  8:54  Drone x3  
  71  9:06  Spore Crawler x2  
  71  9:07  Spore Crawler  
  68  9:15  Drone x4  
  72  9:19  Nydus Canal  
  70  9:26  Drone  
  70  9:27  Drone x2  
  70  9:29  Drone x2  
  75  9:38  Drone x3  
  78  9:43  Baneling x4  
  78  9:47  Drone  
  78  9:48  Drone x2  
  81  9:54  Overlord  
  81  9:57  Drone, Extractor  
  81  9:58  Drone  
  82  10:00  Drone  
  82  10:04  Overlord  
  82  10:06  Extractor  
  82  10:07  Drone  
  82  10:09  Drone x2  
  85  10:16  Overlord  
  85  10:19  Zergling x2  
  85  10:20  Zergling x6  
  89  10:32  Zergling x2  
  89  10:33  Zergling x16  
  89  10:34  Zergling x2  
  99  10:38  Baneling x6  
  99  10:39  Baneling  
  99  10:40  Baneling  
  99  10:43  Baneling x5  
  99  10:49  Zergling x2  
  99  10:51  Zergling x2  
  99  10:55  Zergling x2  
  99  10:56  Zergling x6  
  94  11:01  Zergling x4  
  94  11:03  Zergling x2  
Tags
 
Add a new tag
Caveats
  • Supply blocks, unpowered buildings, or Contaminate may cause inaccurate times.
  • Supply counts are checked every 10 seconds.